 Dungeon Crawl Stone Soup version 0.31-a0-705-ga145531891 (webtiles) character file.

Game seed: 13078208359691414914

144 qw the Shooter (level 5, -1/32 HPs)
             Began as a Gargoyle Hunter on Sept 9, 2023.
             Slain by Sigmund
             ... wielding a +0 scythe
              (2 damage)
             ... on level 3 of the Dungeon.
             The game lasted 00:00:57 (2327 turns).

qw the Shooter (Gargoyle Hunter)                    Turns: 2327, Time: 00:00:58

Health: -1/32      AC: 10    Str: 14    XL:     5   Next: 26%
Magic:  5/5        EV: 10    Int: 10    God:
Gold:   92         SH:  0    Dex: 15    Spells: 4/4 levels left

rFire   . . .        Y - +0 shortbow
rCold   . . .        (shield currently unavailable)
rNeg    + . .        d - +0 ring mail
rPois   inf          (no helmet)
rElec   +            (no cloak)
rCorr   .            (no gloves)
SInv    .            e - +0 pair of boots
Will    .....        (no amulet)
Stlth   +            (no ring)
HPRegen 0.25/turn    (no ring)
MPRegen 0.09/turn

%: no passive effects
@: no status effects
A: sickness immunity, AC +4, negative energy resistance 1, electricity
resistance, torment resistance 1, petrification resistance
a: no special abilities


You were on level 3 of the Dungeon.
You visited 1 branch of the dungeon, and saw 3 of its levels.

You collected 92 gold pieces.


Innate Abilities, Weirdness & Mutations

You are immune to sickness and miasma.
Your stone body is resilient. (AC +4)
You are immune to poison.
You resist negative energy. (rN+)
You are resistant to electric shocks. (rElec)
You are resistant to unholy torment.
You are immune to petrification.


   Skills:
 + Level 3.0 Fighting
 - Level 6.0 Ranged Weapons
 - Level 1.0 Armour
 - Level 1.5 Dodging
 - Level 1.1 Stealth


You had 4 spell levels left.
You didn't know any spells.
Your spell library was empty.

Inventory:

Hand Weapons
 Y - a +0 shortbow (weapon)
Armour
 d - a +0 ring mail (worn)
 e - a +0 pair of boots (worn)
Scrolls
 b - a scroll of enchant armour {unknown}
Potions
 a - a potion of mutation {unknown}
 g - a potion of brilliance {unknown}

Dungeon Overview and Level Annotations

Branches:
Dungeon (3/15)

Altars:
Wu Jian
Xom

Annotations:
D:3 Sigmund


Message History

You shoot an arrow. Something hits you.
You shoot an arrow. You shoot an arrow. Something hits you.
You shoot an arrow.
You hear a zap.
You suddenly lose the ability to move!
You hear some strange, mumbled words.
Something tries to affect you, but you resist.
You can move again.
You shoot an arrow. Something hits you.
You shoot an arrow. Something hits you but does no damage.
You shoot an arrow.
You hear a zap.
You suddenly lose the ability to move!
Something hits you but does no damage.
You can move again.
You shoot an arrow.
You hear a zap.
You shrug off the repeated paralysis!
You shoot an arrow. Something hits you.
You shoot an arrow. Something hits you!
You shoot an arrow. You shoot an arrow. Something hits you but does no damage.
You shoot an arrow.
A magic dart appears from out of thin air!
The magic dart hits you.
You shoot an arrow. Something hits you.
You shoot an arrow. Something hits you.
You shoot an arrow. Something hits you.
You die...

...$..................)....
....#########..).####<#.###
@ ..............# ###.###
.........)##### #....
..........# #####
#.............#
#.............#
#..........<..#
.......{.@..# ......##.###
#....##.. #### .##
#..[)##... #...
...##....##.... ###.##
.........##.#### #...#
........###.#
#########.#### ........#
#...............(.
........### #.######.######


There were no monsters in sight!

Vanquished Creatures
  Natasha (D:1)
  4 gnolls
  An adder (D:2)
  2 worms
  A dart slug (D:3)
  4 orcs (D:3)
  2 endoplasms (D:1)
  2 giant cockroaches
  4 goblins
  3 hobgoblins
  3 quokkas (D:1)
  12 ball pythons
  3 bats (D:1)
  5 frilled lizards
  5 kobolds
  9 rats
61 creatures vanquished.

Notes
Turn   | Place    | Note
-------+----------+-------------------------------------------
     0 | D:1      | qw the Gargoyle Hunter began the quest for the Orb.
     0 | D:1      | Reached XP level 1. HP: 12/12 MP: 1/1
     0 | D:1      | 0 ||| qw: Version: 0.3-a-80-g6052c40
     0 | D:1      | 0 ||| qw: Game counter: 1320
     0 | D:1      | 0 ||| qw: Melee chars always use a shield: true
     0 | D:1      | 0 ||| qw: God list: Okawaru
     0 | D:1      | 0 ||| qw: Allow faded altars: false
     0 | D:1      | 0 ||| qw: Do Orc after clearing Dungeon:15 true
     0 | D:1      | 0 ||| qw: Do second Lair branch before Depths: true
     0 | D:1      | 0 ||| qw: Lair rune preference: random
     0 | D:1      | 0 ||| qw: Goals: Normal
     0 | D:1      | 0 ||| PLANNING D:1-11
   126 | D:1      | Reached XP level 2. HP: 14/17 MP: 2/2
   245 | D:1      | 245 ||| DROPPING +2 sling of draining.
   302 | D:1      | 302 ||| UPGRADING to +0 ring mail.
   314 | D:1      | 314 ||| DROPPING +0 leather armour.
   315 | D:1      | 315 ||| UPGRADING to +0 pair of boots.
   390 | D:1      | Reached skill level 1 in Armour
   468 | D:1      | Reached XP level 3. HP: 21/21 MP: 3/3
   872 | D:1      | 872 ||| READING scroll labelled ZIAFIRCHAMEIL.
   873 | D:1      | 873 ||| DRINKING 2 grey potions.
   874 | D:1      | 874 ||| DROPPING scroll of butterflies.
   875 | D:1      | 875 ||| DROPPING potion of attraction.
   907 | D:2      | Noticed Natasha
   910 | D:2      | 910 ||| STAIRDANCE
   916 | D:1      | Killed Natasha
   917 | D:1      | Reached skill level 5 in Ranged Weapons
   962 | D:2      | Reached XP level 4. HP: 26/26 MP: 4/4
  1493 | D:2      | Found a shimmering altar of Xom.
  1569 | D:2      | Reached skill level 3 in Fighting
  1655 | D:2      | 1655 ||| READING scroll labelled VAYRUV VEDO.
  1660 | D:2      | 1660 ||| READING scroll labelled FYSIJOONKEPRI.
  1661 | D:2      | 1661 ||| READING scroll labelled JAMNU MUMYFO.
  1662 | D:2      | 1662 ||| DRINKING 2 fizzy yellow potions.
  1692 | D:3      | 1692 ||| RETREATING.
  1710 | D:3      | 1710 ||| FLEEEEING.
  1711 | D:3      | 1711 ||| FLEEEEING.
  1712 | D:3      | 1712 ||| STAIRDANCE
  1733 | D:3      | 1733 ||| STAIRDANCE
  1760 | D:3      | 1760 ||| STAIRDANCE
  1775 | D:2      | HP: 2/28 [gnoll/+0 spear (6)]
  1776 | D:2      | 1776 ||| DRINKING potion of heal wounds.
  1827 | D:3      | Reached XP level 5. HP: 14/32 MP: 5/5
  1827 | D:3      | 1827 ||| STAIRDANCE
  1927 | D:3      | Identified the +4 hand axe "Impbane" {spect, rN+}
  1978 | D:3      | Found a shimmering altar of Xom.
  2005 | D:3      | Found an ornate altar of the Wu Jian Council.
  2142 | D:3      | Noticed Sigmund
  2154 | D:3      | HP: 5/32 [something (6)]
  2155 | D:3      | 2155 ||| READING scroll of teleportation.
  2156 | D:3      | HP: 1/32 [something (2)]
  2228 | D:3      | 2228 ||| FLEEEEING.
  2244 | D:3      | 2244 ||| FLEEEEING.
  2248 | D:3      | 2248 ||| STAIRDANCE
  2291 | D:3      | Reached skill level 6 in Ranged Weapons
  2304 | D:3      | Paralysed by Sigmund for 5 turns
  2313 | D:3      | Paralysed by something for 2 turns
  2317 | D:3      | Paralysed by something for 2 turns
  2321 | D:3      | HP: 8/32 [something (7)]
  2325 | D:3      | HP: 2/32 [something (3)]
  2327 | D:3      | Slain by Sigmund

Levels and vault maps discovered:
D:1:      dpeg_arrival_signposts, layout_loops_ring, serial_glass,
          glass_columns_b, glass_columns_a, feat_on_display,
          minmay_strange_pillars, item_on_display_a, due_unseen_surprise,
          minmay_ruptured
D:2:      layout_loops_ring, basic_altar, corexii_hall_statues_l, fountainhead,
          uniq_natasha
D:3:      layout_basic, mainiacjoe_overflow_large_starburst, uniq_sigmund

Skill      XL: |  1  2  3  4  5 |
---------------+----------------+-----
Armour         | 1 |  1.0
Ranged Weapons | 5 6 |  6.0
Fighting       | 3 |  3.0
Dodging        | |  1.5
Stealth        | |  1.1

Action                     |  1- 3 |  4- 6 || total
---------------------------+-------+-------++-------
   Fire: Shortbow          |    68 |   152 ||   220
    Use: Scroll            |     1 |     4 ||     5
         Potion            |     1 |     2 ||     3
 Armour: Leather armour    |     8 |       ||     8
         Ring mail         |    16 |    82 ||    98
  Dodge: Dodged            |    18 |    51 ||    69

Table legend:
 A = Non-vault XP
 B = Vault XP
 C = Vault XP percentage of total XP
 D = Non-vault monster count
 E = Vault monster count
 F = Vault count percentage of total count
                 A         B        C        D         E       F
            +---------+---------+-------+---------+---------+-------
      Total |     163 |      43 |  20.9 |      55 |       6 |   9.8
            +---------+---------+-------+---------+---------+-------
        D:1 |      35 |      43 |  55.1 |      22 |       6 |  21.4
        D:2 |      66 |       0 |   0.0 |      18 |       0 |   0.0
        D:3 |      62 |       0 |   0.0 |      15 |       0 |   0.0
            +---------+---------+-------+---------+---------+-------
